 Dungeon Crawl Stone Soup version 0.30.1-4-g462c640d31 (webtiles) character file.

Game seed: 11343003930978904572

2095 arthad the Shield-Bearer (level 9, -1/57 HPs)
             Began as a Gargoyle Fighter on Aug 23, 2023.
             Was an Initiate of Okawaru.
             Slain by a troll (9 damage)
             ... on level 7 of the Dungeon.
             The game lasted 00:11:56 (6705 turns).

arthad the Shield-Bearer (Gargoyle Fighter)         Turns: 6705, Time: 00:11:57

Health: -1/57      AC: 15    Str: 37    XL:     9   Next: 27%
Magic:  9/9        EV: 10    Int:  8    God:    Okawaru [......]
Gold:   125        SH:  5    Dex:  9    Spells: 8/8 levels left

rFire   + . .        B - +0 morningstar
rCold   + . .        c - +0 buckler
rNeg    + . .        b - +0 scale mail
rPois   ∞            (no helmet)
rElec   +            l - scarf {rC+ rF+}
rCorr   .            (no gloves)
SInv    .            G - +0 pair of boots
Will    .....        (no amulet) Stlth
                     e - +6 ring of strength
HPRegen 0.29/turn    N - +6 ring of strength
MPRegen 0.11/turn

%: no passive effects
@: about to teleport
A: sickness immunity, AC +6, negative energy resistance 1, electricity
resistance, torment resistance 1, petrification resistance
a: Renounce Religion


You were on level 7 of the Dungeon.
You worshipped Okawaru.
Okawaru was noncommittal.
You visited 2 branches of the dungeon, and saw 9 of its levels.

You collected 379 gold pieces.
You spent 254 gold pieces at shops.

Inventory:

Hand Weapons
 a - a +0 flail
 B - a +0 morningstar (weapon)
Missiles
 g - 23 poisoned darts (quivered)
 E - 2 javelins
 K - 3 atropa-tipped darts
Armour
 b - a +0 scale mail (worn)
 c - a +0 buckler (worn)
 i - a scarf of shadows
 l - a scarf of resistance (worn)
 G - a +0 pair of boots (worn)
Jewellery
 e - a +6 ring of strength (left hand)
 n - a +6 ring of dexterity
 N - a +6 ring of strength (right hand)
Wands
 x - a wand of roots (12)
 D - a wand of quicksilver (7)
 J - a wand of mindburst (22)
 L - a wand of flame (14)
Scrolls
 f - 6 scrolls of fog
 h - a scroll of magic mapping
 m - 3 scrolls of poison
 t - 2 scrolls of blinking
 v - a scroll of silence
 w - 4 scrolls of teleportation
 y - a scroll of amnesia
 C - a scroll of immolation
 F - a scroll of torment
 H - a scroll of fear {unknown}
 I - 2 scrolls of identify
 M - 2 scrolls of brand weapon {unknown}
Potions
 d - a potion of might
 j - 2 potions of ambrosia
 k - 3 potions of invisibility {unknown}
 o - a potion of resistance {unknown}
 p - a potion of flight {unknown}
 q - 2 potions of attraction {unknown}
 r - a potion of brilliance {unknown}
 s - 2 potions of haste
 u - 2 potions of curing
 z - 2 potions of mutation {unknown}
 A - a potion of degeneration {unknown}


   Skills:
 * Level 7.2 Fighting
 * Level 6.1 Maces & Flails
 + Level 0.9 Throwing
 * Level 7.2 Armour
 + Level 0.6 Dodging
 * Level 7.2 Shields
 + Level 0.8 Evocations


You had 8 spell levels left.
You didn't know any spells.
Your spell library contained the following spells:

 Spells                   Type           Power      Damage    Failure   Level
 Shock                    Conj/Air       0%         1d3       63%         1
 Poisonous Vapours        Pois/Air       0%         N/A       77%         2
 Wereblood                Tmut           0%         N/A       77%         2
 Dazzling Flash           Conj/Hex       0%         N/A       94%         3
 Frozen Ramparts          Ice            0%         1d1       94%         3
 Gell's Gravitas          Tloc           0%         N/A       94%         3
 Inner Flame              Hex/Fire       0%         N/A       94%         3
 Mephitic Cloud           Conj/Pois/Air  0%         N/A       94%         3
 Swiftness                Air            0%         N/A       94%         3
 Teleport Other           Tloc           0%         N/A       94%         3
 Volatile Blastmotes      Fire/Tloc      0%         2d10      94%         3
 Airstrike                Air            0%         2d(0-16)  100%        4
 Ice Form                 Ice/Tmut       0%         N/A       100%        4
 Iskenderun's Mystic Bla  Conj/Tloc      0%         2d3       100%        4
 Freezing Cloud           Conj/Ice/Air   0%         6-21      100%        5
 Yara's Violent Unravell  Hex/Tmut       0%         3d3       100%        5
 Dispersal                Tloc           0%         N/A       100%        6
 Starburst                Conj/Fire      0%         6d3       100%        6
 Enfeeble                 Hex            0%         N/A       100%        7
 Sublimation of Blood     Necr           Unusable   N/A       N/A         2
 Summon Ice Beast         Ice/Summ       Unusable   N/A       N/A         4
 Summon Hydra             Summ           Unusable   N/A       N/A         7

Dungeon Overview and Level Annotations

Branches:
Dungeon (8/15)             Temple (1/1) D:7
   Lair: D:8-11

Altars:
Ashenzari
Cheibriados
Dithmenos
Elyvilon
Fedhas
Gozag
Hepliaklqana
Kikubaaqudgha
Makhleb
Nemelex Xobeh
Okawaru
Qazlal
Ru
Sif Muna
Trog
Uskayaw
Vehumet
Wu Jian
Xom
Yredelemnul
Zin
The Shining One

Shops:
D:1 ==[!   D:3 *   D:4 (   D:6 *


Innate Abilities, Weirdness & Mutations

You are immune to sickness and miasma.
Your stone body is resilient. (AC +6)
You are immune to poison.
You resist negative energy. (rN+)
You are resistant to electric shocks. (rElec)
You are resistant to unholy torment.
You are immune to petrification.


Message History

Okawaru accepts your kill. The wight barely misses you. Something hits you.
You are too injured to fight recklessly!
You are too injured to fight recklessly!
You are too injured to fight recklessly!
You are too injured to fight recklessly!
You are too injured to fight recklessly!
You are too injured to fight recklessly!
You are too injured to fight recklessly!
You are too injured to fight recklessly!
You are too injured to fight recklessly!
You miss something.
The wight hits you from afar with a +0 halberd.
Something hits you but does no damage.
You miss something. The wight closely misses you. x2
Something hits you but does no damage. The wight hits you but does no damage.
Something hits you but does no damage. Something hits you but does no damage.
The wight attacks as you move away! You block the wight's attack.
Found an escape hatch in the floor.
A troll comes into view.
The troll shouts!
The wight attacks as you move away! The wight hits you but does no damage.
The troll closely misses you. The troll barely misses you.
The troll closely misses you.
There is a stone staircase leading up here.
The wight hits you but does no damage. The troll bites you.
The troll barely misses you. The troll claws you but does no damage.
You climb upwards.
Reactivating autopickup.
There is a stone staircase leading down here.
The wight attacks as you move away! The wight hits you with a +0 mace!
* * * LOW HITPOINT WARNING * * *
As you read the scroll of teleportation, it crumbles to dust.
You feel strangely unstable. The troll bites you.
* * * LOW HITPOINT WARNING * * *
The troll claws you.
* * * LOW HITPOINT WARNING * * *
The troll claws you!
You die...

............##........# #..####.#
...##..##..###........# ##..# #.#
##.#..##..............#####.###..
##...###.##......................
####.....##..#......##...........
.###.....#..######..##...........
......##...## ##...###..#..#....
.#.###.....### #.......#.........
.#.###.###...###@#..##...........
.....#.# ###...Tz....###.........
.......# ####......# #.....#.#.
......#########......###.#.....#.
...................>.............
###....######........##..........
#...##........##.................
#.###########........#.#.#.#.#.#.
#.#..............................


You could see a troll and a wight.

Vanquished Creatures
  Menkaure (D:5)
  2 ice beasts
  2 black bears
  An ogre (D:5)
  A phantom (D:5)
  Blork the orc (D:4)
  A bullfrog (D:6)
  3 scorpions
  2 wights (D:8)
  3 howler monkeys (D:7)
  A hound (D:5)
  3 jellies
  2 gnoll boudas
  4 orc priests
  2 sleepcaps (D:5)
  3 iguanas
  7 orc wizards
  Ijyb (D:4)
  10 gnolls
  9 adders
  A shadow imp (D:5)
  A white imp (D:7)
  An ufetubus (D:5)
  4 worms
  19 orcs
  7 ball pythons
  3 bats
  3 endoplasms
  4 giant cockroaches
  4 hobgoblins
  6 jackals (D:4)
  5 kobolds
  7 quokkas
  3 frilled lizards
  8 goblins
  6 rats
141 creatures vanquished.

Notes
Turn   | Place    | Note
-------+----------+-------------------------------------------
     0 | D:1      | arthad the Gargoyle Fighter began the quest for the Orb.
     0 | D:1      | Reached XP level 1. HP: 14/14 MP: 1/1
    31 | D:1      | Found Magroiph's Distillery.
   173 | D:1      | Found Vuvis's Jewellery Shoppe.
   178 | D:1      | Reached XP level 2. HP: 19/19 MP: 2/2
   198 | D:1      | Found Icats's Armour Shop.
   355 | D:1      | Found Riufonagg's Jewellery Shoppe.
   843 | D:2      | Reached XP level 3. HP: 9/24 MP: 3/3
  1350 | D:3      | Reached XP level 4. HP: 14/29 MP: 4/4
  1842 | D:3      | Found Hasmuw's Assorted Antiques.
  1845 | D:3      | Bought a murky white potion for 20 gold pieces
  1845 | D:3      | Bought a glowing white potion for 20 gold pieces
  1845 | D:3      | Bought a ruby potion for 20 gold pieces
  1845 | D:3      | Bought an orange potion for 20 gold pieces
  2196 | D:4      | Noticed an ice beast
  2222 | D:4      | HP: 1/29 [ice beast (6)]
  2226 | D:4      | Killed an ice beast
  2227 | D:4      | Reached XP level 5. HP: 9/34 MP: 5/5
  2396 | D:4      | Reached XP level 6. HP: 39/39 MP: 6/6
  2687 | D:4      | Noticed Blork the orc
  2694 | D:4      | Noticed Ijyb
  2707 | D:4      | Killed Ijyb
  2708 | D:4      | Killed Blork the orc
  2903 | D:4      | Noticed a black bear
  2912 | D:4      | Killed a black bear
  2913 | D:4      | Reached skill level 5 in Fighting
  2913 | D:4      | Reached skill level 5 in Armour
  2913 | D:4      | Reached skill level 5 in Shields
  2913 | D:4      | Reached XP level 7. HP: 35/44 MP: 7/7
  3052 | D:4      | Found Kaferch's Weapon Shoppe.
  3263 | D:5      | Entered Level 5 of the Dungeon
  3432 | D:5      | Noticed a moth of wrath
  3435 | D:5      | Found a bloodstained altar of Trog.
  3726 | D:5      | Reached XP level 8. HP: 12/51 MP: 8/8
  3859 | D:3      | Bought a scroll labelled GYPUOQ HAPT for 23 gold pieces
  3859 | D:3      | Bought a scroll labelled GYPUOQ HAPT for 23 gold pieces
  3859 | D:3      | Bought a scroll labelled AWKUOTW MELO for 23 gold pieces
  3859 | D:3      | Bought a scroll labelled SUIGUNECLA for 23 gold pieces
  3909 | D:5      | Noticed Menkaure
  4077 | D:5      | Killed Menkaure
  4078 | D:5      | Reached skill level 5 in Maces & Flails
  5516 | D:6      | Found a burning altar of Makhleb.
  5516 | D:6      | Noticed a blizzard demon
  5564 | D:6      | Found Wiomm's General Store.
  5577 | D:6      | Bought a scroll of magic mapping for 82 gold pieces
  5647 | D:6      | Reached XP level 9. HP: 50/56 MP: 9/9
  5798 | D:6      | Found an ancient bone altar of Kikubaaqudgha.
  5836 | D:6      | Found a shimmering blue altar of Sif Muna.
  5871 | D:6      | Found a radiant altar of Vehumet.
  5948 | D:6      | Found an ornate altar of the Wu Jian Council.
  5996 | D:7      | Found a staircase to the Ecumenical Temple.
  6031 | Temple   | Entered the Ecumenical Temple
  6160 | Temple   | Became a worshipper of Warmaster Okawaru
  6615 | D:7      | Found a broken altar of Ashenzari.
  6698 | D:8      | Noticed a troll
  6705 | D:7      | Slain by a troll

Illustrated notes

Levels and vault maps discovered:
D:1:      amcnicky_arrival_underground_garden, layout_loops_ring, serial_shops,
          nicolae_shop_getting_attention, shop, shop, shop
D:2:      layout_basic
D:3:      layout_basic, serial_shops, nicolae_shop_tiny_real_fake_doors
D:4:      layout_loops_corners, serial_shops, shop, minmay_vboxes,
          uniq_blork_the_orc, uniq_ijyb
D:5:      layout_basic, tgw_trog, grunt_ministairs_8, uniq_menkaure
D:6:      layout_gridville, palyth_temple_overflow_mages,
          nzn_wu_jian_council_hall, makhleb_altar_promises_db, serial_shops,
          shop
D:7:      layout_rooms, evilmike_ruin_ashenzari,
          minmay_temple_entry_antechambers, minmay_misc_feat_pillars
D:8:      layout_loops_ring
Temple:   nicolae_temple_superstar

Skill      XL: |  1  2  3  4  5  6  7  8  9 |
---------------+----------------------------+-----
Fighting       | 4 5 6 7 |  7.2
Armour         | 4 5 6 7 |  7.2
Shields        | 4 5 6 7 |  7.2
Maces & Flails | 3 4 5 6 |  6.1
Throwing       | |  0.9
Dodging        | |  0.6
Evocations     | |  0.8

Action                     |  1- 3 |  4- 6 |  7- 9 || total
---------------------------+-------+-------+-------++-------
  Melee: Flail             |   104 |   155 |    92 ||   351
         Morningstar       |       |       |   196 ||   196
  Throw: Dart              |       |       |    12 ||    12
  Evoke: Wand              |       |       |     1 ||     1
    Use: Potion            |     2 |     3 |       ||     5
         Scroll            |     1 |       |    10 ||    11
 Armour: Scale mail        |    79 |    95 |   149 ||   323
  Dodge: Dodged            |    59 |    78 |   120 ||   257
  Block: Buckler           |    18 |    36 |    98 ||   152
